 Dungeon Crawl Stone Soup version 0.25.1-2-g60ff931df9 (webtiles) character file.

Game seed: 627593028878032108

351 gruber the Insei (level 6, -5/41 HPs)
             Began as a Demonspawn Transmuter on Aug 18, 2020.
             Was an Initiate of Hepliaklqana.
             Slain by an ice beast (6 damage)
             ... on level 5 of the Dungeon.
             The game lasted 00:04:44 (4367 turns).

gruber the Insei (Demonspawn Transmuter)            Turns: 4367, Time: 00:04:44

Health: -5/41      AC:  4    Str: 10    XL:     6   Next: 34%
Magic:  5/9        EV: 12    Int: 16    God:    Hepliaklqana [......]
Gold:   104        SH:  0    Dex: 14    Spells: 3/9 levels left

rFire    . . .     SeeInvis .     - Unarmed
rCold    . . .     Gourm    .   (no shield)
rNeg     . . .     Faith    .   b - +0 robe
rPois    .         Spirit   .   j - +0 helmet
rElec    .         Reflect  .   (no cloak)
rCorr    .         Harm     .   (no gloves)
MR       .....                  m - +0 pair of boots
Stlth    +.........             (no amulet)
HPRegen  0.13/turn              (no ring)
MPRegen  0.11/turn              (no ring)

@: very slightly contaminated
A: reduced essence, powered by pain 2, spiny 2
a: Recall Ancestor, Ancestor Identity, Renounce Religion


You were on level 5 of the Dungeon.
You worshipped Hepliaklqana.
Hepliaklqana was noncommittal.
You were very hungry.

You visited 2 branches of the dungeon, and saw 6 of its levels.

You collected 104 gold pieces.

Inventory:

Missiles
 a - 19 arrows
Armour
 b - a +0 robe (worn)
 j - a +0 helmet (worn)
 m - a +0 pair of boots (worn)
Jewellery
 e - an uncursed ring of flight {unknown}
 r - an uncursed amulet of faith {unknown}
Wands
 q - a wand of iceblast (5)
Scrolls
 g - a scroll of teleportation {unknown}
 h - 8 scrolls of identify {unknown}
 k - a scroll of random uselessness {unknown}
 l - 5 scrolls of enchant weapon {unknown}
 n - a scroll of noise {unknown}
 o - a scroll of magic mapping {unknown}
Potions
 c - 2 potions of curing {unknown}
 f - a potion of lignification {unknown}
 i - a potion of might {unknown}
 p - a potion of heal wounds {unknown}
Comestibles
 d - 12 rations


   Skills:
 * Level 2.6 Fighting
 - Level 1.7 Dodging
 - Level 6.0 Unarmed Combat
 - Level 2.0 Spellcasting
 - Level 2.0 Transmutations
 - Level 0.1 Poison Magic


You had 3 spell levels left.
You knew the following spells:

 Your Spells              Type           Power        Failure   Level  Hunger
a - Beastly Appendage     Tmut           #.....       9%          1    #......
b - Sticks to Snakes      Tmut           #.......     14%         2    ###....
c - Spider Form           Tmut/Pois      #.........   36%         3    ###....

Your spell library contained the following spells:

 Spells                   Type           Power        Failure   Level  Hunger
 Ice Form                 Ice/Tmut       #.......     80%         4    #####..
 Blade Hands              Tmut           #.........   94%         5    ######.


Dungeon Overview and Level Annotations

Branches:
Dungeon (5/15)             Temple (1/1) D:5

Altars:
Ashenzari
Cheibriados
Dithmenos
Elyvilon
Fedhas
Gozag
Hepliaklqana
Kikubaaqudgha
Nemelex Xobeh
Okawaru
Qazlal
Ru
Sif Muna
Trog
Uskayaw
Vehumet
Wu Jian
Xom
Yredelemnul
Zin
The Shining One


Innate Abilities, Weirdness & Mutations

You sometimes gain power by taking damage.
You are mostly covered in sharp spines.
Your life essence is reduced to manifest your ancestor. (-10% HP)


Message History

Aula hits the ice beast but does no damage.
The ice beast hits Aula.
The ice beast freezes Aula.
Aula resists.
You swap places.
The ice beast hits your ball python. The ice beast freezes your ball python!
Your ball python dies!
You see here a ration.
Casting: Sticks to Snakes (safe; 14% risk of failure)
Confirm with . or Enter, or press ? or * to list all spells.
You create a snake!
You now have 19 arrows.
Aula barely misses the ice beast.
Casting: Sticks to Snakes (safe; 14% risk of failure)
Confirm with . or Enter, or press ? or * to list all spells.
You miscast Sticks to Snakes.
You are very lightly contaminated with residual magic.
Nothing appears to happen.
Aula barely misses the ice beast.
You swap places.
The ice beast is struck by your spines. The ice beast hits you.
* * * LOW HITPOINT WARNING * * *
The ice beast freezes you.
You die...

....# #.####.##.#
#.#...... ##### #.#
#.##.# #...##### #
#.# .##.# ##.## #
#.# .##.# #.# # #.#
#.##..###.# #
#.###.< #..R.#
.#####R##.### ##R###
....>...YS##.## ##.#
.#####.##@###.###.##
###. #. ##...#R#R##
.... #. ##.###.## #.
#.# #.# #. #.# #[#
.. ..# #.# . .. ###
#.# ... #.# ### #.#


You could see the friendly Aula the ancestor, an ice beast and a friendly adder.

Vanquished Creatures
  An ogre (D:3)
  A scorpion (D:4)
  A crimson imp (D:5)
  Terence (D:2)
  Robin (D:2)
  3 adders
  3 worms
  4 dart slugs
  2 leopard geckos
  7 orcs
  3 ball pythons
  3 giant cockroaches
  15 goblins
  13 hobgoblins
  9 jackals
  8 kobolds
  8 bats
  3 frilled lizards
  12 rats
98 creatures vanquished.

Notes
Turn   | Place    | Note
-------+----------+-------------------------------------------
     0 | D:1      | gruber the Demonspawn Transmuter began the quest for the
                  | Orb.
     0 | D:1      | Reached XP level 1. HP: 15/15 MP: 3/3
   236 | D:1      | Reached skill level 3 in Unarmed Combat
   237 | D:1      | Gained mutation: You are partially covered in sharp spines.
                  | [demonic ancestry]
   237 | D:1      | Reached XP level 2. HP: 20/21 MP: 3/5
   725 | D:2      | Reached XP level 3. HP: 20/26 MP: 6/6
   736 | D:2      | Learned a level 2 spell: Sticks to Snakes
   740 | D:2      | Learned a level 3 spell: Spider Form
   929 | D:2      | Noticed Terence
   943 | D:2      | Killed Terence
   943 | D:2      | Reached skill level 4 in Unarmed Combat
   945 | D:2      | Gained mutation: You are mostly covered in sharp spines.
                  | [demonic ancestry]
   945 | D:2      | Reached XP level 4. HP: 19/32 MP: 2/7
  1096 | D:2      | Noticed Robin
  1107 | D:2      | Killed Robin
  1299 | D:2      | Found a shadowy altar of Dithmenos.
  1299 | D:2      | Found a glowing golden altar of the Shining One.
  1393 | D:2      | Found an ancient bone altar of Kikubaaqudgha.
  1393 | D:2      | Found an opulent altar of Gozag.
  1982 | D:3      | Noticed an ogre
  1985 | D:3      | Reached skill level 5 in Unarmed Combat
  1992 | D:3      | Killed an ogre
  1992 | D:3      | Gained mutation: You sometimes gain a little power by
                  | taking damage. [demonic ancestry]
  1992 | D:3      | Reached XP level 5. HP: 37/37 MP: 4/8
  2290 | D:3      | Found a snail-covered altar of Cheibriados.
  2446 | D:3      | Found a bloodstained altar of Trog.
  2730 | D:3      | Found a faded altar of an unknown god.
  2941 | D:4      | Reached skill level 6 in Unarmed Combat
  3431 | D:4      | Gained mutation: You sometimes gain power by taking damage.
                  | [demonic ancestry]
  3431 | D:4      | Reached XP level 6. HP: 43/43 MP: 9/9
  4063 | D:5      | Entered Level 5 of the Dungeon
  4126 | D:5      | Found a staircase to the Ecumenical Temple.
  4141 | Temple   | Entered the Ecumenical Temple
  4297 | Temple   | Became a worshipper of Hepliaklqana the Forgotten
  4358 | D:5      | Noticed an ice beast
  4367 | D:5      | HP: 1/41 [ice beast (3)]
  4367 | D:5      | Slain by an ice beast

Illustrated notes

Levels and vault maps discovered:
D:1:      dpeg_arrival_houses_and_road, layout_basic
D:2:      layout_basic, grunt_temple_overflow_open,
          gammafunk_temple_overflow_elements, uniq_robin, uniq_terence
D:3:      layout_loops_ring, kennysheep_slug_shrine,
          chequers_ecumenical_altar_simple_redux, trog_hazing_becter
D:4:      layout_basic, first_ration
D:5:      layout_loops_ring, temple_fountains, chequers_serial_rivers_small_a,
          kb_lookout_dungeons_type
Temple:   nicolae_temple_elliptical

Skill      XL: |  1  2  3  4  5  6 |
---------------+-------------------+-----
Transmutations | 2 |  2.0
Unarmed Combat | 3 4 5 6 |  6.0
Fighting       | 2 |  2.6
Dodging        | |  1.7
Spellcasting   | |  2.0
Poison Magic   | |  0.1

Action                   |  1- 3 |  4- 6 || total
-------------------------+-------+-------++-------
Melee: Unarmed           |    63 |   126 ||   189
       Kick              |     4 |       ||     4
       Punch             |     1 |     4 ||     5
       Headbutt          |     2 |       ||     2
 Cast: Beastly Appendage |     4 |       ||     4
       Sticks to Snakes  |     2 |     2 ||     4
       Spider Form       |       |     3 ||     3
 Stab: Sleeping          |     1 |     3 ||     4
       Distracted        |     1 |       ||     1
  Eat: Chunk             |       |    10 ||    10
Armor: Robe              |     6 |    13 ||    19
Dodge: Dodged            |    30 |    64 ||    94
